 Dungeon Crawl Stone Soup version 0.21.1-1-g345015f (webtiles) character file.

147 Fang the Skirmisher (level 5, -8/34 HPs)
             Began as a Gargoyle Berserker on May 17, 2018.
             Was a Believer of Trog.
             Killed by divine providence
             ... invoked by an orc priest
              (13 damage)
             ... on level 3 of the Dungeon.
             The game lasted 00:02:08 (2441 turns).

Fang the Skirmisher (Gargoyle Berserker)            Turns: 2441, Time: 00:02:09

Health: -8/34      AC:  8    Str: 21    XL:     5   Next: 29%
Magic:  5/5        EV: 12    Int:  8    God:    Trog [**....]
Gold:   161        SH:  0    Dex:  9    Spells: 4/4 levels left

rFire    . . .     SeeInvis .   a - +0 hand axe
rCold    . . .     Gourm    .   (no shield)
rNeg     + . .     Faith    .   b - +0 animal skin
rPois    ∞         Spirit   .   (no helmet)
rElec    +         Reflect  .   r - +1 cloak
rCorr    .         Harm     .   (no gloves)
MR       .....                  (no boots)
Stlth    +.........             (no amulet)
HPRegen  0.11/turn              (no ring)
MPRegen  0.09/turn              (no ring)

@: berserk cooldown, slowed, very slow
A: negative energy resistance 1, electricity resistance, unbreathing,
petrification resistance, rot immunity, AC +4
a: Berserk, Trog's Hand, Burn Spellbooks, Renounce Religion


You were on level 3 of the Dungeon.
You worshipped Trog.
Trog was pleased with you.
You were near starving.

You visited 1 branch of the dungeon, and saw 3 of its levels.

You collected 161 gold pieces.

Inventory:

Hand Weapons
 a - a +0 hand axe (weapon)
 q - a +2 quarterstaff of chaos
Armour
 b - a +0 animal skin (worn)
 r - a +1 cloak (worn)
Wands
 u - a wand of iceblast (11)
Scrolls
 f - a scroll of fog {unknown}
 g - a scroll of fear {unknown}
 h - a scroll of random uselessness {unknown}
 k - a scroll of magic mapping {unknown}
 l - a scroll of enchant armour {unknown}
 o - 3 scrolls of identify {unknown}
 p - a scroll of remove curse {unknown}
 s - a scroll of teleportation {unknown}
 t - a scroll of immolation {unknown}
Potions
 d - a potion of heal wounds
 e - a potion of magic {unknown}
 i - a potion of might {unknown}
 j - a potion of resistance {unknown}
 m - a potion of mutation {unknown}
 n - a potion of lignification {unknown}
Comestibles
 c - 5 rations


   Skills:
 + Level 4.3 Fighting
 + Level 4.2 Axes
 + Level 2.3 Armour
 + Level 2.2 Dodging
 + Level 0.6 Stealth


You had 4 spell levels left.
You didn't know any spells.

Dungeon Overview and Level Annotations

Branches:
Dungeon (3/15)

Altars:
Makhleb


Innate Abilities, Weirdness & Mutations

You are resistant to torment.
Your stone body is resilient. (AC +4)
You are immune to poison.
You resist negative energy. (rN+)
You are resistant to electric shocks. (rElec)
You can survive without breathing.
You are immune to petrification.
You are immune to rotting.


Message History

You hit the orc priest.
The orc priest invokes the aid of Beogh against you.
Pain shoots through your body!
Unknown command.
The orc priest looks satisfied for a moment.
The orc priest hits you with a dagger.
* * * LOW HITPOINT WARNING * * *
Things that are here:
a mace; a hobgoblin corpse You barely miss the orc priest.
The orc priest is severely wounded.
The orc priest mumbles some strange prayers to Beogh against you.
Pain shoots through your body!
* * * LOW HITPOINT WARNING * * *
You hit the orc priest.
The orc priest is almost dead.
The orc priest hits you but does no damage.
The orc priest mumbles some strange prayers to Beogh against you.
Beogh smites you!
You die...

##...........###.....#
#
#..............+.....#
#
...............#....##
....................#
....................#
....................#
......).............#
......).......).....#
......o@..†.......###
..................#
..................#
................†.#
..................#
..)...............#
..................#
..................#
..........#


You could see an orc priest.

Vanquished Creatures
  An orc wizard (D:3)
  Crazy Yiuf (D:2)
  A worker ant (D:3)
  An adder (D:3)
  An ooze (D:3)
  A leopard gecko (D:1)
  7 orcs (D:3)
  7 bats
  A giant cockroach (D:2)
  6 hobgoblins
  2 jackals (D:2)
  2 quokkas (D:2)
  2 frilled lizards
  7 goblins
  2 kobolds
  7 rats
49 creatures vanquished.

Notes
Turn   | Place    | Note
-------+----------+-------------------------------------------
     0 | D:1      | Fang the Gargoyle Berserker began the quest for the Orb.
     0 | D:1      | Reached XP level 1. HP: 14/14 MP: 1/1
   174 | D:1      | Reached XP level 2. HP: 16/19 MP: 2/2
   749 | D:2      | Reached XP level 3. HP: 17/24 MP: 3/3
  1164 | D:2      | Found a runed door.
  1354 | D:2      | Found a burning altar of Makhleb.
  1354 | D:2      | Noticed a balrug
  1357 | D:2      | Noticed a neqoxec
  1357 | D:2      | Noticed a ynoxinul
  1509 | D:2      | Noticed Crazy Yiuf
  1516 | D:2      | Killed Crazy Yiuf
  1516 | D:2      | Reached XP level 4. HP: 10/29 MP: 4/4
  2074 | D:3      | Reached ** piety under Trog
  2404 | D:3      | Reached XP level 5. HP: 33/33 MP: 5/5
  2441 | D:3      | Killed from afar by an orc priest

Skill      XL: |  1  2  3  4 |
---------------+-------------+-----
Axes           | 3 4 |  4.2
Fighting       | 4 |  4.3
Dodging        | 2 |  2.2
Armour         | |  2.3
Stealth        | |  0.6

Action                   |  1- 3 |  4- 6 || total
-------------------------+-------+-------++-------
Melee: Hand axe          |   100 |    51 ||   151
Invok: Berserk           |       |     2 ||     2
  Use: Potion            |       |     1 ||     1
 Stab: Sleeping          |       |     1 ||     1
  Eat: Chunk             |       |     5 ||     5
Armor: Animal skin       |    32 |    27 ||    59
Dodge: Dodged            |    67 |    33 ||   100
